 Dungeon Crawl Stone Soup version 0.31-a0-210-gccc998df9b (webtiles) character file.

Game seed: 6634485928315444872

33621 pokeman the Eclecticist (level 13, -4/71 HPs)
             Began as a Deep Elf Hedge Wizard on June 29, 2023.
             Was a High Priest of Vehumet.
             Killed from afar by a fire dragon (32 damage)
             ... with a blast of flame
             ... on level 14 of the Dungeon.
             The game lasted 00:46:20 (18395 turns).

pokeman the Eclecticist (Deep Elf Hedge Wizard)    Turns: 18395, Time: 00:46:20

Health: -4/71      AC: 13    Str:  7    XL:     13   Next: 37%
Magic:  5/37       EV: 12    Int: 25    God:    Vehumet [*****.]
Gold:   769        SH:  5    Dex: 16    Spells: 26/48 levels left

rFire   . . .        z - +4 dagger "Beetle's Nightmare" {freeze, rC+}
rCold   + . .        (no shield)
rNeg    . . .        F - +3 leather armour
rPois   .            D - +0 helmet
rElec   .            N - +1 cloak
rCorr   .            B - +1 pair of gloves of Midwinter {Dex+2}
SInv    .            E - +0 pair of boots
Will    +....        k - amulet of reflection
Stlth   ++           i - ring of flight
HPRegen 0.31/turn    a - +4 ring of slaying
MPRegen 0.25/turn

%: reflection
@: flying
A: no striking features
a: Renounce Religion


You were on level 14 of the Dungeon.
You worshipped Vehumet.
Vehumet was extremely pleased with you.
You visited 2 branches of the dungeon, and saw 15 of its levels.
You also visited: Ossuary and Bailey.

You collected 937 gold pieces.
You spent 168 gold pieces at shops.

Inventory:

Hand Weapons
 z - the +4 dagger "Beetle's Nightmare" (weapon) {freeze, rC+}
   (You found it on level 4 of the Dungeon)

   rC:        It protects you from cold.
Missiles
 I - 6 throwing nets
 U - 2 curare-tipped darts
Armour
 n - a +0 buckler
 B - the +1 pair of gloves of Midwinter (worn) {Dex+2}
   (You found it on level 14 of the Dungeon)

   Dex:       It affects your dexterity (+2).
 D - a +0 helmet (worn)
 E - a +0 pair of boots (worn)
 F - a +3 leather armour (worn)
 G - the +0 robe "Nonaff" {rF+++ rC++ Str-5 Slay-3}
   (You found it on level 5 of the Dungeon)

   Str:       It affects your strength (-5).
   Slay:      It affects your accuracy & damage with ranged weapons and melee
   (-3).
   rF:        It renders you almost immune to fire.
   rC:        It greatly protects you from cold.
 N - a +1 cloak (worn)
Jewellery
 a - a +4 ring of slaying (right hand)
 i - a ring of flight (left hand)
 k - an amulet of reflection (around neck)
 l - an amulet of guardian spirit
 m - a ring of fire
 y - a ring of wizardry
 Q - a ring of protection from fire
Wands
 w - a wand of charming (11)
 K - a wand of roots (4)
 L - a wand of polymorph (21)
Scrolls
 c - 3 scrolls of vulnerability
 g - 2 scrolls of fear
 j - a scroll of summoning
 q - a scroll of blinking
 u - 10 scrolls of teleportation
 v - a scroll of enchant armour
 A - 4 scrolls of revelation
 O - a scroll of torment
 P - a scroll of amnesia {unknown}
 R - a scroll of fog {unknown}
Potions
 b - a potion of berserk rage {unknown}
 d - 2 potions of magic
 e - a potion of invisibility {unknown}
 f - a potion of experience {unknown}
 h - a potion of attraction {unknown}
 o - 2 potions of enlightenment {unknown}
 p - 7 potions of curing
 r - a potion of might {unknown}
 s - 5 potions of ambrosia {unknown}
 t - a potion of resistance {unknown}
 x - 3 potions of mutation {unknown}
 C - 2 potions of brilliance {unknown}
 H - 9 potions of heal wounds
 T - 2 potions of haste {unknown}
 X - 3 potions of cancellation {unknown}


   Skills:
 - Level 4.3 Fighting
 - Level 4.0 Armour
 - Level 3.0 Dodging
 - Level 3.0 Stealth
 + Level 5.3 Shields
 * Level 18.4 Spellcasting
 + Level 11.1 Conjurations
 - Level 1.1 Summonings
 - Level 1.1 Translocations
 + Level 7.3 Fire Magic
 - Level 1.3 Air Magic
 + Level 10.3 Earth Magic
 - Level 1.4 Poison Magic
 - Level 1.0 Evocations


You had 26 spell levels left.
You knew the following spells:

 Your Spells              Type           Power      Damage    Failure   Level
a - Magic Dart            Conj           100%       1d8       1%          1
b - Mephitic Cloud        Conj/Pois/Air  46%        N/A       1%          3
c - Call Imp              Summ           56%        N/A       3%          2
d - Blink                 Tloc           56%        N/A       3%          2
e - Stone Arrow           Conj/Erth      100%       3d13      1%          3
f - Lee's Rapid Deconstr  Erth           32%        3d17*     1%          5
g - Starburst             Conj/Fire      31%        6d9       3%          6

Your spell library contained the following spells:

 Spells                   Type           Power      Damage    Failure   Level
 Fireball                 Conj/Fire      31%        3d13      1%          5
 Sandblast                Erth           100%       2d20      1%          1
 Momentum Strike          Conj/Tloc      100%       3d10      1%          2
 Passwall                 Tmut/Erth      40%        N/A       1%          2
 Scorch                   Fire           100%       2d9       1%          2
 Dazzling Flash           Conj/Hex       100%       N/A       1%          3
 Ignite Poison            Fire/Tmut/Pois 37%        N/A       1%          3
 Volatile Blastmotes      Fire/Tloc      88%        2d17      1%          3
 Flame Wave               Conj/Fire      62%        2d14      1%          4
 Iskenderun's Mystic Bla  Conj/Tloc      52%        2d11      1%          4
 Slow                     Hex            92%        N/A       3%          1
 Cigotuvi's Dreadful Rot  Necr/Pois/Air  54%        N/A       3%          2
 Lesser Beckoning         Tloc           56%        N/A       3%          2
 Silence                  Hex/Air        13%        N/A       54%         5
 Agony                    Necr           23%        N/A       63%         5


Dungeon Overview and Level Annotations

Branches:
Dungeon (14/15)            Temple (1/1) D:7            Lair (0/5) D:8
    Orc (0/2) D:12         Vaults (0/5) D:14        Ossuary (visited)
 Bailey (visited)

Altars:
Ashenzari
Cheibriados
Dithmenos
Elyvilon
Fedhas
Gozag
Hepliaklqana
Kikubaaqudgha
Makhleb
Nemelex Xobeh
Okawaru
Qazlal
Ru
Sif Muna
Trog
Uskayaw
Vehumet
Wu Jian
Xom
Yredelemnul
Zin
The Shining One

Shops:
D:3 [   D:13 !

Annotations:
D:6 1 runed translucent door, rinse's ghost, novice OpTm
D:7 3 runed translucent doors, notthatgreg's ghost, novice OgWr


Message History

Press: ? - help, Shift-Dir - straight line, f - manticore
Aim: a manticore (chance to affect: 58%)
The ball explodes into a vile cloud!
The stinking cloud engulfs the manticore but does no damage.
The manticore is engulfed in noxious fumes.
The manticore flicks its tail.
The volley of spikes hits you but does no damage.
Unknown command.
The manticore is engulfed in noxious fumes.
The manticore appears confused.
Casting: Mephitic Cloud (safe; 1% risk of failure)
Confirm with . or Enter, or press ? or * to list all spells.
Aiming: Stone Arrow (safe; 1% risk of failure)
Press: ? - help, Shift-Dir - straight line, f/p - manticore
Aim: a manticore (noxious fumes, confused, 98% to hit)
The stone arrow hits the manticore!!
The manticore is severely wounded.
The manticore is engulfed in noxious fumes.
Unknown command.
Casting: Stone Arrow (safe; 1% risk of failure)
Confirm with . or Enter, or press ? or * to list all spells.
Aiming: Stone Arrow (safe; 1% risk of failure)
Press: ? - help, Shift-Dir - straight line, f/p - manticore
Aim: a manticore (severely wounded, confused, 98% to hit)
The stone arrow hits the manticore!!
You kill the manticore!
Vehumet accepts your kill.
You feel your power returning.
This spell is dangerous to cast!
Memorise Fireball, consuming 5 spell levels and leaving 21?
Vehumet grants you knowledge of Fireball.
You start memorising the spell.
You continue memorising.
You carefully extract the barbed spikes from your body.
You continue memorising. x4
The fire dragon breathes flames at you.
Your memorisation is interrupted.
The blast of flame hits you!!
You hear an angry buzzing noise.
The fire dragon breathes flames at you. The blast of flame hits you!!
You die...

.........# #['...'§#
.........#########...#§#
#######†.......#)'...'~#
#D†......###...#§#
#..†.....#)'...'§#
#.....######'''###
##.....#........#.#
#).....#.......<#.#
############).†.@.#........#.#
)†..........).....#......).#.#
..................######'###.#
.............................#
..............####...........#
#####.....#####..#......######
#...).#......#......#
#.....#......#......#
#.....'......'......#


You could see a fire dragon (catching breath).

Vanquished Creatures
  A vault guard (D:13)
  A great orb of eyes (shapeshifter) (D:14)
  A hydra (D:14)
  Erolcha (D:9)
  Harold (D:8)
  2 boulder beetles
  6 two-headed ogres
  4 centaur warriors
  2 tengu warriors
  6 skeletal warriors
  A deep elf pyromancer (D:14)
  A cyclops (D:11)
  4 ugly things
  4 manticores
  3 gargoyles
  An unseen horror (D:11)
  2 kobold demonologists
  A freezing wraith (D:13)
  2 komodo dragons
  A tengu conjurer (D:13)
  A meliai (D:14)
  3 trolls
  A centaur simulacrum (D:14)
  A shadow (D:10)
  7 spriggans (Bailey)
  2 yaks (D:11)
  2 wraiths
  A steam dragon (Bailey)
  A basilisk (D:13)
  11 humans
  11 vampire mosquitoes
  An acid dragon (D:9)
  Duvessa (D:6)
  An ice beast (D:4)
  2 black bears
  5 orc warriors
  9 ogres (Bailey)
  A boggart (D:14)
  4 centaurs
  2 kobold brigands
  2 bullfrogs
  3 gnoll sergeants
  2 scorpions (D:6)
  5 wights (D:6)
  Dowan (D:6)
  42 killer bees
  5 howler monkeys
  3 electric eels
  Crazy Yiuf (D:7)
  2 centaur zombies (Ossuary)
  3 human zombies (Ossuary)
  5 jellies
  10 orc priests
  5 hounds
  A sleepcap (D:5)
  16 orc wizards
  5 iguanas
  A hound zombie (Ossuary)
  A boggart simulacrum (D:14)
  4 mummies
  Robin (D:4)
  16 gnolls
  6 adders
  A shadow imp (D:7)
  A white imp (D:5)
  An ufetubus (D:5)
  55 orcs
  A ball python (D:1)
  2 bats
  6 endoplasms
  5 giant cockroaches
  A gnoll zombie (Ossuary)
  11 goblins
  7 hobgoblins
  A quokka (D:4)
  10 frilled lizards
  6 goblin zombies
  4 hobgoblin zombies
  2 jackal zombies (Ossuary)
  17 kobolds
  5 kobold zombies (Ossuary)
  3 orc zombies (Ossuary)
  7 quokka zombies (Ossuary)
  5 rats
  3 rat zombies (Ossuary)
406 creatures vanquished.

Vanquished Creatures (collateral kills)
  A killer bee (D:10)
1 creature vanquished.

Vanquished Creatures (others)
  A killer bee (D:8)
  An electric eel (D:4)
2 creatures vanquished.

Grand Total: 409 creatures vanquished

Notes
Turn   | Place    | Note
-------+----------+-------------------------------------------
     0 | D:1      | pokeman the Deep Elf Hedge Wizard began the quest for the
                  | Orb.
     0 | D:1      | Reached XP level 1. HP: 10/10 MP: 7/7
   405 | D:1      | Reached XP level 2. HP: 16/16 MP: 6/9
   441 | D:1      | Found a faded altar of an unknown god.
  1146 | D:1      | Reached skill level 5 in Spellcasting
  1496 | D:2      | Reached XP level 3. HP: 20/20 MP: 8/11
  1500 | D:2      | Learned a level 3 spell: Mephitic Cloud
  1503 | D:2      | Learned a level 2 spell: Call Imp
  1506 | D:2      | Learned a level 2 spell: Blink
  1510 | D:2      | Learned a level 3 spell: Stone Arrow
  2516 | D:3      | Found a radiant altar of Vehumet.
  2529 | D:3      | Became a worshipper of Vehumet
  2676 | D:3      | Reached skill level 1 in Fighting
  2706 | D:3      | Found Puew Lam's Antique Armour Shop.
  2744 | D:3      | Reached skill level 1 in Armour
  2850 | D:3      | Reached XP level 4. HP: 25/25 MP: 8/13
  3384 | D:4      | Reached skill level 6 in Spellcasting
  3388 | D:4      | Identified the +4 dagger "Beetle's Nightmare" {freeze, rC+}
  3643 | D:4      | Reached XP level 5. HP: 29/29 MP: 11/15
  3783 | D:4      | Found a transporter.
  3798 | D:4      | Found a transporter.
  4098 | D:4      | Noticed Robin
  4105 | D:4      | Killed Robin
  4223 | D:4      | Reached * piety under Vehumet
  4223 | D:4      | Offered knowledge of Freeze by Vehumet.
  4614 | D:4      | Noticed an ice beast
  4626 | D:4      | Killed an ice beast
  4627 | D:4      | Reached skill level 1 in Shields
  4627 | D:4      | Reached skill level 1 in Air Magic
  4627 | D:4      | Reached XP level 6. HP: 28/34 MP: 0/17
  4844 | D:4      | Reached skill level 7 in Spellcasting
  5020 | D:4      | Reached skill level 1 in Earth Magic
  5056 | D:5      | Entered Level 5 of the Dungeon
  5092 | D:5      | Reached skill level 1 in Poison Magic
  5204 | D:5      | Reached skill level 1 in Evocations
  5204 | D:5      | Reached XP level 7. HP: 38/38 MP: 12/20
  5529 | D:5      | Reached skill level 8 in Spellcasting
  5894 | D:5      | Found an ancient bone altar of Kikubaaqudgha.
  6037 | D:5      | Identified the +0 robe "Nonaff" {rF+++ rC++ Str-5 Slay-3}
  6370 | D:6      | Reached XP level 8. HP: 33/44 MP: 12/22
  6375 | D:6      | Reached skill level 9 in Spellcasting
  6547 | D:6      | Found a blossoming altar of Fedhas.
  6554 | D:6      | Reached ** piety under Vehumet
  6610 | D:6      | Found a runed translucent door.
  6610 | D:6      | Found a shimmering altar of Xom.
  6610 | D:6      | Noticed rinse's ghost (novice OpTm)
  6611 | D:6      | Noticed a +0 mace of chaos
  6711 | D:6      | Found an iron altar of Okawaru.
  6927 | D:6      | Offered knowledge of Kiss of Death by Vehumet.
  6928 | D:6      | Reached skill level 5 in Conjurations
  7043 | D:6      | Noticed Dowan
  7047 | D:6      | Noticed Duvessa
  7049 | D:6      | Killed Dowan
  7053 | D:6      | Killed Duvessa
  7516 | D:6      | Reached skill level 10 in Spellcasting
  7533 | D:7      | Found a snail-covered altar of Cheibriados.
  7543 | D:7      | Found an opulent altar of Gozag.
  7615 | D:7      | Found a runed translucent gate.
  7617 | D:7      | Found a shimmering altar of Xom.
  7666 | D:7      | Found a sand-covered staircase.
  7689 | Ossuary  | Entered an ossuary
  7848 | Ossuary  | Offered knowledge of Poisonous Vapours by Vehumet.
  7890 | Ossuary  | Reached *** piety under Vehumet
  8074 | Ossuary  | Reached XP level 9. HP: 48/48 MP: 25/25
  8267 | D:7      | Offered knowledge of Inner Flame by Vehumet.
  8283 | D:7      | Found a staircase to the Ecumenical Temple.
  8335 | D:7      | Noticed a komodo dragon
  8344 | D:7      | Killed a komodo dragon
  8345 | D:7      | Reached skill level 11 in Spellcasting
  8477 | D:7      | Found a runed translucent gate.
  8477 | D:7      | Found a runed translucent gate.
  8758 | D:7      | Found a runed translucent door.
  8759 | D:7      | Noticed Crazy Yiuf
  8764 | D:7      | Killed Crazy Yiuf
  8843 | D:7      | Found an opulent altar of Gozag.
  8843 | D:7      | Noticed a tengu warrior
  8845 | D:7      | Noticed notthatgreg's ghost (novice OgWr)
  8919 | D:8      | Found a white marble altar of Elyvilon.
  9254 | D:8      | Found a staircase to the Lair.
  9255 | D:8      | Noticed a komodo dragon
  9289 | D:8      | Killed a komodo dragon
  9290 | D:8      | Reached skill level 5 in Earth Magic
  9426 | D:8      | Found a broken altar of Ashenzari.
  9453 | D:8      | Reached **** piety under Vehumet
  9726 | D:8      | Reached skill level 12 in Spellcasting
  9875 | D:9      | Noticed Harold
  9944 | D:8      | Killed Harold
  9944 | D:8      | Offered knowledge of Lee's Rapid Deconstruction by Vehumet.
  9945 | D:8      | Reached XP level 10. HP: 53/53 MP: 22/28
  9956 | D:8      | Learned a level 5 spell: Lee's Rapid Deconstruction
 10230 | D:9      | Reached skill level 13 in Spellcasting
 10566 | D:9      | Identified the +2 ring mail of the Moneychanger {Drain
                  | rCorr Dex+5}
 10636 | Temple   | Entered the Ecumenical Temple
 10950 | D:9      | Noticed Erolcha
 10955 | D:9      | Killed Erolcha
 11100 | D:10     | Entered Level 10 of the Dungeon
 11144 | D:10     | Noticed a two-headed ogre
 11154 | D:10     | Killed a two-headed ogre
 11251 | D:10     | Found a flagged portal.
 11260 | D:10     | Found a bloodstained altar of Trog.
 11267 | D:10     | Got Weodiamm's Octavo of the Salamander
 11275 | D:10     | Learned a level 6 spell: Starburst
 11281 | Bailey   | Entered a bailey
 11325 | Bailey   | Reached skill level 14 in Spellcasting
 11385 | Bailey   | Reached skill level 1 in Fire Magic
 11578 | Bailey   | Reached XP level 11. HP: 44/59 MP: 5/31
 11759 | Bailey   | Noticed a two-headed ogre
 11763 | Bailey   | Killed a two-headed ogre
 12171 | D:10     | Found a glowing golden altar of the Shining One.
 12464 | D:10     | Reached ***** piety under Vehumet
 12502 | D:10     | Offered knowledge of Irradiate by Vehumet.
 12704 | D:11     | Noticed a cyan ugly thing
 12709 | D:11     | Killed a cyan ugly thing
 12710 | D:11     | Reached skill level 15 in Spellcasting
 13527 | D:11     | Noticed a two-headed ogre
 13533 | D:11     | Killed a two-headed ogre
 13769 | D:11     | Noticed a boulder beetle
 13778 | D:11     | Killed a boulder beetle
 14193 | D:12     | Noticed a two-headed ogre
 14199 | D:12     | Killed a two-headed ogre
 14367 | D:12     | Found a staircase to the Orcish Mines.
 14372 | D:12     | Reached skill level 16 in Spellcasting
 14397 | D:12     | Reached XP level 12. HP: 43/67 MP: 3/34
 15044 | D:13     | Noticed a centaur warrior
 15049 | D:13     | Killed a centaur warrior
 15050 | D:13     | Reached skill level 5 in Fire Magic
 15188 | D:13     | Noticed a two-headed ogre
 15194 | D:13     | Killed a two-headed ogre
 15267 | D:13     | Found Taqumahu's Distillery.
 15276 | D:13     | Bought 2 potions of heal wounds for 120 gold pieces
 15276 | D:13     | Bought a potion of degeneration for 12 gold pieces
 15276 | D:13     | Bought a potion of curing for 36 gold pieces
 15304 | D:13     | Noticed a boulder beetle
 15619 | D:13     | Reached skill level 10 in Conjurations
 16115 | D:13     | Reached skill level 17 in Spellcasting
 16376 | D:13     | Noticed a tengu warrior
 16464 | D:13     | Killed a tengu warrior
 16475 | D:13     | Killed a boulder beetle
 16617 | D:13     | Noticed a two-headed ogre
 16623 | D:13     | Killed a two-headed ogre
 16744 | D:14     | Noticed a centaur warrior
 16791 | D:14     | Noticed a tengu warrior
 16797 | D:14     | Killed a tengu warrior
 16874 | D:14     | Noticed a vault guard
 16893 | D:13     | Killed a vault guard
 17176 | D:14     | Found a gate to the Vaults.
 17179 | D:14     | Identified the +10 plate armour of Foolhardiness {Drain
                  | rElec rF+ rC+}
 17187 | D:14     | Identified the +10 plate armour of Grace {Will+ Str+4
                  | Dex+3}
 17241 | D:14     | Reached XP level 13. HP: 66/71 MP: 13/36
 17567 | D:14     | Identified the +1 pair of gloves of Midwinter {Dex+2}
 17718 | D:14     | Reached skill level 5 in Shields
 17718 | D:14     | Reached skill level 10 in Earth Magic
 17739 | D:14     | Reached skill level 18 in Spellcasting
 18376 | D:14     | Offered knowledge of Fireball by Vehumet.
 18388 | D:14     | Noticed a fire dragon
 18395 | D:14     | Killed from afar by a fire dragon

Illustrated notes

Levels and vault maps discovered:
D:1:      minmay_arrival_loop, layout_basic,
          hellmonk_ecumenical_altar_slurped_away
D:2:      layout_basic, kennysheep_donut, minmay_pentomino_pile
D:3:      layout_basic, nicolae_vehumet_altar_sigil, serial_shops,
          nicolae_shop_tiny_statue_garden
D:4:      gammafunk_steamed_eel, layout_basic, uniq_robin
D:5:      layout_basic, mainiacjoe_overflow_alcove_1
D:6:      layout_loops_cross, mainiacjoe_overflow_boulevard,
          okawaru_metal_pillars_3, ebering_ghost_xom, eino_curves_04,
          uniq_duvessa
D:7:      layout_rooms, xom_teletrap_fun, cheibriados_altar_1, kennysheep_mini,
          minmay_temple_entry_statues_pillars, nicolae_ossuary_entry_giza,
          ebering_ghost_gozag, minmay_misc_feat_iff, minmay_lizard_king,
          uniq_crazy_yiuf_cottage
D:8:      layout_basic, overflow_temple_1_default, general_overflow_altar,
          david_lair_shrubbed
D:9:      layout_basic, uniq_harold, uniq_erolcha
D:10:     layout_cave_pools, mainiacjoe_overflow_24_doors,
          trog_three_pillars_becter, enter_bailey_2, minmay_misc_feat_x,
          chequers_serial_rivers_marsh, kennysheep_small_circle
D:11:     layout_loops_corners, dreamdust_wishing_well
D:12:     layout_cross, minmay_orc_entry_temple_small
D:13:     layout_irregular_city, serial_shops, shop, serial_bayou_pond_a,
          serial_bayou_pond_c, hangedman_decor_clover_reticule,
          minmay_misc_feat_more_columns, hex_tiny
D:14:     hangedman_what_comes_after_a, layout_irregular_city,
          ximxim_vaults_locker_room
Temple:   minmay_freezing_vapour_temple

Skill      XL: |  1  2  3  4  5  6  7  8  9 10 11 12 13 |
---------------+----------------------------------------+-----
Spellcasting   | 5 6 7 8 10 12 14 16 17 18 | 18.4
Conjurations   | 2 3 4 5 7 8 9 10 11 | 11.1
Fighting       | 1 2 4 |  4.3
Armour         | 1 2 3 4 |  4.0
Dodging        | 3 |  3.0
Stealth        | 3 |  3.0
Shields        | 1 2 3 4 5 |  5.3
Air Magic      | 1 |  1.3
Earth Magic    | 1 2 4 6 7 8 9 10 | 10.3
Poison Magic   | 1 |  1.4
Evocations     | 1 |  1.0
Fire Magic     | 2 4 6 7 |  7.3
Summonings     | |  1.1
Translocations | |  1.1

Action                     |  1- 3 |  4- 6 |  7- 9 | 10-12 | 13-15 || total
---------------------------+-------+-------+-------+-------+-------++-------
  Melee: Mace              |     3 |     4 |       |       |       ||     7
         Dagger            |       |    32 |   194 |    69 |    11 ||   306
         Punch             |       |     1 |     1 |     1 |       ||     3
   Cast: Magic Dart        |   117 |    81 |    73 |    20 |    26 ||   317
         Mephitic Cloud    |       |     9 |    16 |    42 |    10 ||    77
         Stone Arrow       |       |     3 |    88 |   173 |    23 ||   287
         Call Imp          |       |     1 |     1 |       |       ||     2
         Lee's Rapid Decon |       |       |       |    80 |    34 ||   114
         Blink             |       |       |       |     6 |       ||     6
         Starburst         |       |       |       |     1 |     2 ||     3
  Evoke: Wand              |       |       |       |     4 |    10 ||    14
    Use: Scroll            |       |       |       |    17 |     1 ||    18
   Stab: Sleeping          |       |     1 |     1 |       |       ||     2
         Confused          |       |     3 |     5 |     8 |     2 ||    18
 Armour: Robe              |     1 |    14 |     2 |       |       ||    17
         Leather armour    |       |       |    57 |    38 |    18 ||   113
  Dodge: Dodged            |     6 |    25 |   129 |    77 |    42 ||   279
  Block: Other             |       |       |       |       |     3 ||     3
         Reflection        |       |       |       |       |     1 ||     1

Table legend: (Time is in decaauts)
 A = Elapsed time spent in this place.
 B = Non-inter-level travel time spent in this place.
 C = Inter-level travel time spent in this place.
 D = Time resting spent in this place.
 E = Time spent auto-exploring this place.
 F = Levels seen in this place.
 G = Mean time per level.
                   A        B        C        D        E       F      G
               +--------+--------+--------+--------+--------+-----+--------+
         Total |  18406 |  17758 |    648 |   1798 |  12988 |  17 | 1082.7 |
       Dungeon |  17126 |  16481 |    645 |   1251 |  12708 |  14 | 1223.3 |
        Temple |     26 |     24 |      2 |      0 |      0 |   1 |   26.0 |
       Ossuary |    494 |    494 |      0 |    103 |    181 |   1 |  494.0 |
        Bailey |    758 |    758 |      0 |    444 |     99 |   1 |  758.0 |
               +--------+--------+--------+--------+--------+-----+--------+

Top non-repeatable levels by time:
    D:13: 2321 daAuts
     D:4: 1703 daAuts
     D:1: 1314 daAuts
     D:6: 1298 daAuts
    D:11: 1290 daAuts
     D:5: 1215 daAuts
    D:14: 1186 daAuts
     D:8: 1095 daAuts
     D:3: 1073 daAuts
     D:9: 1064 daAuts
    D:10: 966 daAuts
     D:2: 963 daAuts
     D:7: 855 daAuts
    D:12: 776 daAuts
  Bailey: 758 daAuts
